AoeStats
← BSHammer

Lombardia

508135838Analyzed
4v4 RM · 12d ago on Sep 21, 2026· 47m 36s· 8 players
Game mode
Random Map
Map size
Large (8 player)
Population
200
Speed
Normal
Resources
Standard
Victory
Conquest
Starting age
Dark Age
Ending age
Imperial Age
RankedLock teamsTeams togetherTeam positionsShared explorationLock speedFull tech treeHidden civsTurbo modeCheats
Victory
Defeat
🇺🇸 Bengalis · United States
1642
+11
🇺🇸 Huns · United States
1626
+12
🇺🇸 Hindustanis · United States
1582
+13
🇺🇸 Magyars · United States
1555
+14
🇺🇸 Burgundians · United States
1579
-14
🇨🇴 Slavs · Colombia
1553
-14
🇦🇷 Poles · Argentina
1492
-11
🇲🇽 Mongols · Mexico
1475
-11
[DOV] The_GothFather
4:31 Double-Bit Axe
8:55 Feudal Age
8:22 Loom
10:58 Horse Collar
11:47 Bow Saw
22:43 Castle Age
21:20 Gold Mining
22:04 Scale Barding Armor
22:27 Forging
22:14 Town Watch
22:51 Heavy Plow
23:57 Husbandry
23:22 Cavalier
29:21 Chain Barding Armor
37:24 Wheelbarrow
40:20 Imperial Age
40:07 Gold Shaft Mining
40:56 Iron Casting
42:05 Plate Barding Armor
41:34 Light Cavalry
42:48 Paladin
44:55 Two-Man Saw
44:34 Conscription
[GDL] Perro del Mal
10:38 Feudal Age
14:10 Castle Age
12:17 Horse Collar
14:51 Double-Bit Axe
15:21 Heavy Plow
15:41 Fletching
16:01 Stone Mining
18:04 Loom
25:26 Padded Archer Armor
26:30 Leather Archer Armor
26:55 Ballistics
27:38 Town Watch
27:58 Bodkin Arrow
29:26 Bloodlines
31:53 Thumb Ring
36:00 Wheelbarrow
37:11 Gold Mining
42:19 Imperial Age
42:48 Bow Saw
43:11 Bracer
44:17 Chemistry
44:40 Husbandry
46:55 Elite Mangudai
lisandropastore
8:38 Loom
11:13 Feudal Age
14:42 Wheelbarrow
17:35 Castle Age
16:24 Double-Bit Axe
16:43 Horse Collar
25:46 Szlachta Privileges
26:34 Heavy Plow
27:23 Scale Barding Armor
28:26 Bloodlines
28:22 Husbandry
29:01 Town Watch
30:09 Chain Barding Armor
30:06 Forging
33:01 Fletching
41:55 Light Cavalry
NuMa | OliverAtom
11:55 Feudal Age
12:46 Double-Bit Axe
15:29 Castle Age
13:32 Horse Collar
16:24 Bow Saw
16:15 Heavy Plow
16:24 Loom
21:54 Town Watch
25:19 Wheelbarrow
26:33 Stone Mining
26:33 Gold Mining
27:21 Scale Barding Armor
28:22 Chain Barding Armor
29:04 Hand Cart
29:01 Forging
30:02 Bloodlines
29:53 Husbandry
30:40 Detinets
33:53 Imperial Age
32:23 Iron Casting
32:14 Squires
32:15 Scale Mail Armor
33:08 Masonry
33:17 Pikeman
34:13 Chain Mail Armor
33:56 Halberdier
35:11 Druzhina
35:34 Conscription
36:23 Plate Mail Armor
37:17 Plate Barding Armor
38:34 Blast Furnace
38:06 Siege Engineers
37:58 Heavy Scorpion
39:56 Chemistry
39:17 Ballistics
40:48 Fletching
40:54 Murder Holes
43:12 Bodkin Arrow
44:42 Two-Man Saw
45:33 Capped Ram
Lucas Ducas
9:18 Loom
11:24 Feudal Age
12:42 Double-Bit Axe
14:59 Castle Age
13:46 Fletching
14:00 Gold Mining
15:43 Bodkin Arrow
25:42 Ballistics
31:24 Bow Saw
32:06 Bloodlines
32:20 Padded Archer Armor
36:22 Horse Collar
39:38 Thumb Ring
40:33 Leather Archer Armor
41:44 Wheelbarrow
44:02 Husbandry
44:20 Hand Cart
43:54 Town Watch
48:20 Imperial Age
47:45 Caravan
BSHammer
6:44 Loom
9:14 Feudal Age
12:41 Forging
16:08 Scale Barding Armor
19:22 Wheelbarrow
22:30 Castle Age
23:27 Horse Collar
23:33 Double-Bit Axe
24:04 Hand Cart
25:19 Heavy Plow
25:30 Bow Saw
26:53 Town Watch
33:36 Imperial Age
31:44 Chain Barding Armor
32:38 Grand Trunk Road
32:31 Gold Mining
34:40 Bloodlines
34:31 Husbandry
34:40 Heavy Camel Rider
36:03 Conscription
37:03 Two-Man Saw
37:34 Iron Casting
37:34 Plate Barding Armor
37:05 Imperial Camel Rider
40:08 Blast Furnace
40:41 Padded Archer Armor
42:27 Chemistry
42:30 Caravan
42:59 Shatagni
44:01 Leather Archer Armor
45:39 Ring Archer Armor
45:45 Thumb Ring
koriko9397
11:15 Feudal Age
15:29 Castle Age
13:52 Double-Bit Axe
13:51 Horse Collar
24:25 Wheelbarrow
24:33 Heavy Plow
26:01 Hand Cart
26:31 Town Watch
26:38 Gold Mining
27:01 Bow Saw
27:32 Loom
31:20 Imperial Age
29:15 Ballistics
29:51 Forging
29:48 Scale Barding Armor
30:32 Bloodlines
30:23 Husbandry
31:27 Iron Casting
32:08 Elite Battle Elephant
34:00 Chain Barding Armor
34:41 Blast Furnace
37:04 Gold Shaft Mining
36:43 Masonry
37:17 Plate Barding Armor
39:19 Two-Man Saw
38:13 Siege Elephant
40:07 Conscription
43:14 Mahayana
47:20 Light Cavalry
Harristotle
8:10 Loom
10:29 Feudal Age
18:53 Wheelbarrow
23:09 Castle Age
21:32 Double-Bit Axe
21:33 Horse Collar
22:44 Bloodlines
22:31 Gold Mining
24:28 Hand Cart
24:16 Husbandry
23:47 Light Cavalry
29:53 Town Watch
34:38 Bow Saw
34:33 Heavy Plow
38:19 Imperial Age
36:56 Corvinian Army
38:44 Caravan
38:57 Hussar
40:20 Gold Shaft Mining
39:35 Stone Mining
40:25 Conscription
40:31 Town Patrol
42:00 Hoardings
40:59 Cavalier
42:49 Elite Magyar Huszar
44:09 Scale Barding Armor
46:10 Parthian Tactics
47:02 Chain Barding Armor
46:33 Fletching
Connection lost

Rejoining the realm…

Still unreachable

The connection could not be restored.

Session expired

The server has moved on; the page needs a fresh start.